 Dungeon Crawl Stone Soup version 0.29.0-4-gdea44cf6ec (webtiles) character file.

Game seed: 2405890862924003823

35 qw the Caller (level 3, -1/29 HPs)
             Began as a Ghoul Summoner on Sept 9, 2022.
             Slain by a goblin
             ... wielding a +1 dagger of venom
             ... led by Robin
              (3 damage)
             ... on level 2 of the Dungeon.
             The game lasted 00:00:42 (1664 turns).

qw the Caller (Ghoul Summoner)                      Turns: 1664, Time: 00:00:42

Health: -1/29      AC:  5    Str: 13    XL:     3   Next: 33%
Magic:  0/4        EV: 10    Int: 10    God:
Gold:   25         SH:  0    Dex:  9    Spells: 4/5 levels left

rFire   . . .      SeeInvis .   Y - +0 whip
rCold   + . .      Faith    .   (no shield)
rNeg    + + +      Spirit   .   k - +0 ring mail
rPois   inf        Reflect  .   (no helmet)
rElec   .          Harm     .   (no cloak)
rCorr   .          Rampage  .   (no gloves)
Will    .....                   (no boots)
Stlth   +.........              (no amulet)
HPRegen 0.00/turn               (no ring)
MPRegen 0.09/turn               (no ring)

@: inhibited regen
A: claws 1, cold resistance 1, negative energy resistance 3, inhibited
regeneration, torment resistance 2, devour on kill
a: no special abilities


You were on level 2 of the Dungeon.
You visited 1 branch of the dungeon, and saw 2 of its levels.

You collected 25 gold pieces.


Innate Abilities, Weirdness & Mutations

You are immune to poison.
You have sharp fingernails.
Your flesh is cold resistant. (rC+)
You are immune to negative energy. (rN+++)
You do not regenerate when monsters are visible.
You are immune to unholy pain and torment.
You thrive by killing the living.


   Skills:
 + Level 1.8 Fighting
 - Level 2.0 Axes
 - Level 1.7 Dodging
 - Level 2.1 Stealth
 - Level 1.7 Spellcasting
 - Level 3.6 Summonings


You had 4 spell levels left.
You knew the following spells:

 Your Spells              Type           Power      Damage    Failure   Level
a - Summon Small Mammal   Summ           32%        N/A       16%         1

Your spell library contained the following spells:

 Spells                   Type           Power      Damage    Failure   Level
 Call Imp                 Summ           8%         N/A       24%         2
 Call Canine Familiar     Summ           8%         N/A       43%         3
 Summon Guardian Golem    Hex/Summ       4%         N/A       71%         3
 Summon Lightning Spire   Summ/Air       4%         N/A       98%         4

Inventory:

Hand Weapons
 Y - a +0 whip (weapon)
Armour
 k - a +0 ring mail (worn)
Scrolls
 h - a scroll of identify
 i - a scroll of enchant armour
Potions
 g - a potion of degeneration {unknown}
 l - a potion of cancellation {unknown}
 m - a potion of haste {unknown}

Dungeon Overview and Level Annotations

Branches:
Dungeon (2/15)

Altars:

Annotations:
D:2 Robin


Message History

The hobgoblin is heavily wounded.
The hobgoblin hits you.
You hit the hobgoblin but do no damage.
The hobgoblin is heavily wounded.
The hobgoblin hits you but does no damage.
You hit the hobgoblin.
You kill the hobgoblin!
Your bat barely misses the kobold.
The kobold barely misses your bat.
Your bat barely misses the kobold.
You hit the goblin.
The goblin is moderately wounded.
Your bat closely misses the kobold.
Robin roars a battlecry!
The kobold throws a stone.
The stone hits your bat. The goblin hits you but does no damage.
Your bat closely misses the kobold.
The kobold hits your bat but does no damage.
The goblin hits you with a +1 dagger of venom.
You completely miss the goblin. Your bat hits the kobold.
Your bat closely misses the kobold.
The goblin barely misses you.
1662 ||| CASTING Summon Small Mammal
Casting: Summon Small Mammal (safe; 16% risk of failure)
Confirm with . or Enter, or press ? or * to list all spells.
Your bat disappears in a puff of smoke!
Your bat closely misses the kobold.
Your bat hits the kobold but does no damage.
The goblin closely misses you. The kobold hits you with a +0 whip.
An ogre comes into view. It is wielding a +0 giant spiked club.
You closely miss the kobold.
The kobold is moderately wounded.
Your bat misses the kobold.
Your bat hits the kobold but does no damage.
Your bat barely misses the kobold.
The kobold hits you with a +0 whip.
The goblin hits you with a +1 dagger of venom.
You closely miss the kobold.
The kobold is moderately wounded.
Your bat hits the kobold but does no damage.
The kobold throws a stone.
The stone hits your bat.
The goblin hits you with a +1 dagger of venom.
You die... #........# #...<....# #>.......# # #..#####.# g# #..# # g.g #..## .gg

#.b.## ..
#..#K###O#
#..b.@ggg#
##.#######
#.# #.#
#.# #.#


You could see an ogre, Robin, a hobgoblin (strong), a goblin (strong), a kobold
(distracted, ally target) and 2 friendly bats.

Vanquished Creatures
  A ball python (D:1)
  2 endoplasms (D:1)
  A giant cockroach (D:1)
  3 goblins (D:2)
  4 hobgoblins
  2 jackals (D:1)
  A quokka (D:1)
  A bat (D:1)
  2 kobolds (D:1)
17 creatures vanquished.

Vanquished Creatures (collateral kills)
  An endoplasm (D:1)
  2 giant cockroaches
  2 hobgoblins (D:1)
  3 jackals (D:1)
  A kobold (D:1)
  A frilled lizard (D:1)
10 creatures vanquished.

Grand Total: 27 creatures vanquished

Notes
Turn   | Place    | Note
-------+----------+-------------------------------------------
     0 | D:1      | qw the Ghoul Summoner began the quest for the Orb.
     0 | D:1      | Reached XP level 1. HP: 14/14 MP: 2/2
     0 | D:1      | 0 ||| qw: Version: 0.1-a-113-g051387a
     0 | D:1      | 0 ||| qw: Game counter: 7207
     0 | D:1      | 0 ||| qw: Always use a shield: true
     0 | D:1      | 0 ||| qw: God list: Okawaru
     0 | D:1      | 0 ||| qw: Allow faded altars: false
     0 | D:1      | 0 ||| qw: Do Orc after D:15 true
     0 | D:1      | 0 ||| qw: Do second Lair branch before Depths: true
     0 | D:1      | 0 ||| qw: Lair rune preference: random
     0 | D:1      | 0 ||| qw: Plans: Normal
     0 | D:1      | 0 ||| PLANNING D:1-11
    11 | D:1      | 11 ||| CASTING Summon Small Mammal
    12 | D:1      | 12 ||| CASTING Summon Small Mammal
    19 | D:1      | 19 ||| Stepping ~*~*~tactically~*~*~ (stealth).
    24 | D:1      | 24 ||| CASTING Summon Small Mammal
    34 | D:1      | Reached skill level 1 in Axes
    36 | D:1      | 36 ||| CASTING Summon Small Mammal
   246 | D:1      | 246 ||| CASTING Summon Small Mammal
   247 | D:1      | 247 ||| CASTING Summon Small Mammal
   284 | D:1      | 284 ||| CASTING Summon Small Mammal
   285 | D:1      | 285 ||| CASTING Summon Small Mammal
   287 | D:1      | Reached skill level 1 in Fighting
   287 | D:1      | Reached XP level 2. HP: 20/23 MP: 0/3
   523 | D:1      | 523 ||| CASTING Summon Small Mammal
   524 | D:1      | 524 ||| CASTING Summon Small Mammal
   525 | D:1      | 525 ||| CASTING Summon Small Mammal
   535 | D:1      | 535 ||| CASTING Summon Small Mammal
   582 | D:1      | 582 ||| Wielding weapon +0 club.
   615 | D:1      | 615 ||| CASTING Summon Small Mammal
   616 | D:1      | 616 ||| CASTING Summon Small Mammal
   617 | D:1      | 617 ||| CASTING Summon Small Mammal
   657 | D:1      | 657 ||| CASTING Summon Small Mammal
   658 | D:1      | 658 ||| CASTING Summon Small Mammal
   659 | D:1      | 659 ||| CASTING Summon Small Mammal
   670 | D:1      | 670 ||| CASTING Summon Small Mammal
   742 | D:1      | 742 ||| SWAPPING to +0 whip.
   743 | D:1      | 743 ||| DROPPING +0 club.
   747 | D:1      | 747 ||| CASTING Summon Small Mammal
   748 | D:1      | 748 ||| CASTING Summon Small Mammal
   749 | D:1      | 749 ||| CASTING Summon Small Mammal
   802 | D:1      | 802 ||| CASTING Summon Small Mammal
   803 | D:1      | 803 ||| CASTING Summon Small Mammal
   804 | D:1      | 804 ||| CASTING Summon Small Mammal
   815 | D:1      | 815 ||| CASTING Summon Small Mammal
   865 | D:1      | 865 ||| CASTING Summon Small Mammal
   866 | D:1      | 866 ||| CASTING Summon Small Mammal
   867 | D:1      | 867 ||| CASTING Summon Small Mammal
   918 | D:1      | 918 ||| CASTING Summon Small Mammal
   919 | D:1      | 919 ||| CASTING Summon Small Mammal
   920 | D:1      | 920 ||| CASTING Summon Small Mammal
  1046 | D:1      | 1046 ||| CASTING Summon Small Mammal
  1047 | D:1      | 1047 ||| CASTING Summon Small Mammal
  1048 | D:1      | 1048 ||| CASTING Summon Small Mammal
  1233 | D:1      | 1233 ||| CASTING Summon Small Mammal
  1234 | D:1      | 1234 ||| CASTING Summon Small Mammal
  1235 | D:1      | 1235 ||| CASTING Summon Small Mammal
  1311 | D:1      | 1311 ||| CASTING Summon Small Mammal
  1312 | D:1      | 1312 ||| CASTING Summon Small Mammal
  1313 | D:1      | 1313 ||| CASTING Summon Small Mammal
  1323 | D:1      | 1323 ||| CASTING Summon Small Mammal
  1327 | D:1      | Reached XP level 3. HP: 22/28 MP: 0/4
  1461 | D:1      | 1461 ||| CASTING Summon Small Mammal
  1462 | D:1      | 1462 ||| CASTING Summon Small Mammal
  1463 | D:1      | 1463 ||| CASTING Summon Small Mammal
  1464 | D:1      | 1464 ||| CASTING Summon Small Mammal
  1472 | D:1      | 1472 ||| CASTING Summon Small Mammal
  1553 | D:1      | 1553 ||| UPGRADING to +0 leather armour.
  1563 | D:1      | 1563 ||| DROPPING +0 robe.
  1564 | D:1      | 1564 ||| UPGRADING to +0 ring mail.
  1574 | D:1      | 1574 ||| DROPPING +0 leather armour.
  1575 | D:1      | 1575 ||| READING 2 scrolls labelled MUELAH HURU.
  1576 | D:1      | 1576 ||| READING scroll labelled AWOESSIHUE.
  1577 | D:1      | 1577 ||| READING scroll labelled ICWYOR MAIFENTARIF.
  1578 | D:1      | 1578 ||| READING 2 scrolls labelled GUMEODUNUC.
  1579 | D:1      | 1579 ||| READING scroll labelled LIASTE OLUE.
  1580 | D:1      | 1580 ||| READING scroll labelled FUGANYUMUA.
  1583 | D:1      | 1583 ||| DROPPING potion of magic.
  1607 | D:2      | 1607 ||| Stepping ~*~*~tactically~*~*~ (stealth).
  1608 | D:2      | 1608 ||| CASTING Summon Small Mammal
  1609 | D:2      | 1609 ||| CASTING Summon Small Mammal
  1610 | D:2      | 1610 ||| CASTING Summon Small Mammal
  1611 | D:2      | 1611 ||| CASTING Summon Small Mammal
  1619 | D:2      | 1619 ||| CASTING Summon Small Mammal
  1630 | D:2      | 1630 ||| CASTING Summon Small Mammal
  1641 | D:2      | 1641 ||| CASTING Summon Small Mammal
  1651 | D:2      | 1651 ||| CASTING Summon Small Mammal
  1653 | D:2      | Noticed Robin
  1662 | D:2      | 1662 ||| CASTING Summon Small Mammal
  1662 | D:2      | Noticed an ogre
  1663 | D:2      | HP: 5/29 [kobold/+0 whip (4)]
  1663 | D:2      | HP: 2/29 [goblin/+1 dagger of venom[Robin] (3)]
  1664 | D:2      | Slain by a goblin

Levels and vault maps discovered:
D:1:      dpeg_arrival_rooms_a, layout_basic,
          nicolae_concentric_dashed_squares_wild, st_stairs_13, minmay_tripent
D:2:      layout_loops_ring, basic_altar, small_statue_intersection, uniq_robin,
          uniq_natasha

Skill      XL: |  1  2 |
---------------+-------+-----
Axes           | 1 2 |  2.0
Fighting       | 1 |  1.8
Dodging        | |  1.7
Stealth        | |  2.1
Spellcasting   | |  1.7
Summonings     | |  3.6

Action                   || total
-------------------------++-------
Melee: Unarmed           ||    29
       Whip              ||    68
       Club              ||     2
 Cast: Summon Small Mamm ||    52
  Use: Scroll            ||     6
Armor: Robe              ||     5
       Ring mail         ||    18
Dodge: Dodged            ||    56

Table legend:
 A = Non-vault XP
 B = Vault XP
 C = Vault XP percentage of total XP
 D = Non-vault monster count
 E = Vault monster count
 F = Vault count percentage of total count
                 A         B        C        D         E       F
            +---------+---------+-------+---------+---------+-------
      Total |      32 |      18 |  36.0 |      18 |       9 |  33.3
            +---------+---------+-------+---------+---------+-------
        D:1 |      30 |       6 |  16.7 |      17 |       3 |  15.0
        D:2 |       2 |      12 |  85.7 |       1 |       6 |  85.7
            +---------+---------+-------+---------+---------+-------
